 Dungeon Crawl Stone Soup version 0.30-a0-1035-g38d5fb2972 (webtiles) character file.

Game seed: 11692117367545202108

29065 mandarbmax the Stormcaller (level 13, -1/56 HPs)
             Began as a Tengu Air Elementalist on Apr 8, 2023.
             Was a High Priest of Hepliaklqana.
             Slain by a minotaur
             ... wielding a staff of poison
              (31 damage)
             ... in a Gauntlet.
             The game lasted 00:49:35 (14787 turns).

mandarbmax the Stormcaller (TeAE)                  Turns: 14787, Time: 00:49:36

Health: -1/56      AC: 13    Str:  8    XL:     13   Next: 42%
Magic:  21/27      EV: 30    Int: 25    God:    Hepliaklqana [*****.]
Gold:   252        SH: 10    Dex: 17    Spells: 8/31 levels left

rFire   . . .      SeeInvis .    n - staff of air
rCold   . . .      Faith    .    L - +0 kite shield
rNeg    . . .      Spirit   .    a - +1 robe
rPois   +          Reflect  .    h - +4 hat of Ashenzari's Grace {rPois Will- Int+3}
rElec   +          Rampage  .    s - +2 cloak
rCorr   .          NoTele   +    J - +2 pair of gloves
Will    .....                    (boots unavailable)
Stlth   ++                       D - amulet of magic regeneration
HPRegen 0.29/turn                q - +5 ring of evasion
MPRegen 0.60/turn                O - ring of Roleraewk {Fly rElec EV+5 Int+3 Slay-5}

@: flying quickly and evasively, invisible, quick
A: reduced essence, beak, talons 3, nimble flight
a: Renounce Religion, Recall Ancestor, Ancestor Identity, Transference, Idealise


You were in a Gauntlet.
You worshipped Hepliaklqana.
Hepliaklqana was extremely pleased with you.
You visited 3 branches of the dungeon, and saw 16 of its levels.
You also visited: Sewer and Gauntlet.

You collected 775 gold pieces.
You spent 523 gold pieces at shops.

Inventory:

Hand Weapons
 o - the +6 shillelagh "Devastator" {shatter}
   (You found it on level 8 of the Dungeon)
Missiles
 e - 9 throwing nets
Armour
 a - a +1 robe (worn)
 c - the +0 ring mail of the Evil One {rCorr Stlth+}
   (You found it on level 5 of the Dungeon)

   rCorr:     It protects you from acid and corrosion.
   Stlth:     It makes you more stealthy.
 h - the +4 hat of Ashenzari's Grace (worn) {rPois Will- Int+3}
   (You acquired it on level 1 of the Dungeon)

   Int:       It affects your intelligence (+3).
   rPois:     It protects you from poison.
   Will:      It decreases your willpower.
 s - a +2 cloak (worn)
 E - a scarf of harm
 J - a +2 pair of gloves (worn)
 L - a +0 kite shield (worn)
 Q - +0 acid dragon scales
Magical Staves
 n - a staff of air (weapon)
Jewellery
 q - a +5 ring of evasion (left hand)
 D - an amulet of magic regeneration (around neck)
 O - the ring of Roleraewk (right hand) {Fly rElec EV+5 Int+3 Slay-5}
   (You bought it in a shop on level 6 of the Dungeon)

   [ring of evasion]

   EV:        It affects your evasion (+5).
   Int:       It affects your intelligence (+3).
   Slay:      It affects your accuracy & damage with ranged weapons and melee
   (-5).
   rElec:     It insulates you from electricity.
   Fly:       It grants you flight.
 R - a ring of fire
 T - the amulet "Ette Hui" {Faith rPois Int+4 Dex-4}
   (You found it in a Gauntlet)

   [amulet of faith]

   It allows you to gain divine favour quickly.
   Int:       It affects your intelligence (+4).
   Dex:       It affects your dexterity (-4).
   rPois:     It protects you from poison.
 U - an amulet of regeneration
Wands
 m - a wand of roots (3)
 p - a wand of flame (21)
 x - a wand of light (9)
 z - a wand of charming (8)
 B - a wand of polymorph (7)
 N - a wand of mindburst (5)
Scrolls
 g - a scroll of enchant armour
 i - 2 scrolls of magic mapping
 t - 6 scrolls of teleportation
 w - 2 scrolls of amnesia
 y - a scroll of silence
 C - a scroll of immolation
 F - 2 scrolls of torment
 G - a scroll of fear {unknown}
 H - 2 scrolls of vulnerability
 I - 2 scrolls of fog
 P - 2 scrolls of poison
 S - a scroll of summoning {unknown}
Potions
 b - a potion of magic
 d - 4 potions of heal wounds
 f - 4 potions of ambrosia
 j - a potion of berserk rage
 k - 2 potions of might
 l - 8 potions of curing
 r - a potion of attraction
 u - 3 potions of cancellation {unknown}
 v - 3 potions of mutation {unknown}
 A - a potion of invisibility
 K - 2 potions of degeneration {unknown}
 M - a potion of lignification {unknown}


   Skills:
 - Level 1.1 Staves
 + Level 11.1 Dodging
 - Level 2.0 Stealth
 + Level 5.5 Shields
 + Level 9.7 Spellcasting
 - Level 11.0 Conjurations
 + Level 4.8 Fire Magic
 - Level 3.0 Ice Magic
 - Level 15.0 Air Magic
 + Level 0.0 Invocations
 - Level 8.0 Evocations


You had 8 spell levels left.
You knew the following spells:

 Your Spells              Type           Power      Damage    Failure   Level
a - Shock                 Conj/Air       100%       1d9       1%          1
b - Static Discharge      Conj/Air       100%       2-7/arc   1%          2
c - Swiftness             Air            92%        N/A       1%          3
d - Airstrike             Air            46%        2d(7-23)  1%          4
e - Poisonous Vapours     Pois/Air       100%       N/A       1%          2
f - Mephitic Cloud        Conj/Pois/Air  70%        N/A       1%          3
g - Freezing Cloud        Conj/Ice/Air   37%        6-21      8%          5
h - Ignite Poison         Fire/Tmut/Pois 20%        N/A       22%         3

Your spell library contained the following spells:

 Spells                   Type           Power      Damage    Failure   Level
 Kiss of Death            Conj/Necr      100%       2d13      1%          1
 Hailstorm                Conj/Ice       47%        3d11      2%          3
 Freeze                   Ice            100%       1d10      4%          1
 Sticky Flame             Conj/Fire      51%        2d7       5%          4
 Frozen Ramparts          Ice            54%        1d9       12%         3
 Necrotise                Necr           48%        1d6       14%         1
 Sublimation of Blood     Necr           12%        N/A       22%         2
 Wereblood                Tmut           12%        N/A       22%         2
 Confusing Touch          Hex            12%        N/A       38%         3
 Vampiric Draining        Necr           12%        2d6       38%         3
 Ice Form                 Ice/Tmut       19%        N/A       58%         4
 Animate Armour           Summ/Erth      24%        N/A       80%         4
 Dispel Undead            Necr           12%        3d9       80%         4
 Agony                    Necr           12%        N/A       98%         5
 Simulacrum               Ice/Necr       9%         N/A       100%        6
 Statue Form              Tmut/Erth      8%         N/A       100%        6
 Summon Hydra             Summ           6%         N/A       100%        7
 Ignition                 Fire           18%        3d7       100%        8


Dungeon Overview and Level Annotations

Branches:
Dungeon (13/15)            Temple (1/1) D:5            Lair (2/5) D:11
 Shoals (0/4) Lair:2        Snake (0/4) Lair:2          Orc (0/2) D:12
  Sewer (visited)         Gauntlet (1/1)
 Vaults: D:13-14

Altars:
Ashenzari
Cheibriados
Dithmenos
Fedhas
Gozag
Hepliaklqana
Nemelex Xobeh
Okawaru
Qazlal
Ru
Trog
Xom
Yredelemnul
Zin

Shops:
D:6 =

Annotations:
D:5 3 runed translucent doors, KarmaticGoose's ghost, weakling DsHW Gauntlet 8 transporters, 21 runed translucent doors, exclusion: ice statue


Innate Abilities, Weirdness & Mutations

Your life essence is reduced to manifest your ancestor. (-10% HP)
You have a beak for a mouth.
You have claws for feet.
Your magical nature lets you fly swiftly and evasively.


Message History

The zap hits the minotaur but does no damage.
The minotaur is heavily wounded.
The zap hits the minotaur zombie.
The minotaur zombie is severely damaged.
Aiming: Bolt of Light
Press: ? - help, Shift-Dir - straight line, f/p - minotaur
Aim: a minotaur, wielding a staff of poison, wearing +0 swamp dragon scales, wearing a ring of protection from cold and quivering silver javelins (thin mist, heavily wounded, unable to see you, 81% to hit)
The bolt of light hits the minotaur but does no damage.
The minotaur is heavily wounded.
The minotaur is blinded.
The bolt of light hits the minotaur zombie!
The minotaur zombie is almost destroyed.
The minotaur zombie is blinded.
Unknown command.
Unknown command.
You barely miss the minotaur.
The minotaur is heavily wounded.
Aiming: Mindburst
Press: ? - help, Shift-Dir - straight line, f/p - minotaur
Aim: a minotaur, wielding a staff of poison, wearing +0 swamp dragon scales, wearing a ring of protection from cold and quivering silver javelins (thin mist, heavily wounded, blind, chance to affect: 26%)
The minotaur easily resists.
The minotaur zombie is engulfed in freezing vapours.
You hit the minotaur but do no damage.
The minotaur is electrocuted.
You peck the minotaur.
The minotaur is severely wounded.
The minotaur is no longer blind.
You block the minotaur's attack. The minotaur misses you.
You strike the helpless minotaur from behind!
You hit the minotaur but do no damage.
The minotaur is electrocuted!
You claw the minotaur.
You peck the minotaur, but do no damage.
The minotaur is severely wounded.
You block the minotaur's attack. The minotaur completely misses you.
The minotaur barely misses you. You block the minotaur's attack.
You closely miss the minotaur. You claw the minotaur.
You peck the minotaur, but do no damage.
The minotaur is severely wounded.
The minotaur hits you with a staff of poison!!
Ouch! That really hurt!
You die...

##§### #§§.. #§§§⌠ ○§. ..Z #.#
#######H####### #......@......#
#.###.###.###.# #.............#
##.###.###.###
#####.###.###.#####
#≈..............§≈#
####8.8.8..©.©..8.8§8#### ###
#8##≈...............≈##8# #8#
################################


You could see a minotaur (unable to see you) and a minotaur zombie (wandering,
unable to see you).

Vanquished Creatures
  Harold (D:11)
  2 hydras
  3 boulder beetles
  5 two-headed ogres
  Urug (D:11)
  2 wizards (Gauntlet)
  A cyclops (D:13)
  2 deep elf pyromancers
  Joseph (D:9)
  A gargoyle (D:8)
  A cane toad (Lair:1)
  An unseen horror (D:9)
  3 komodo dragons
  A torpor snail (Gauntlet)
  2 polar bears (Lair:1)
  2 trolls (D:12)
  2 blink frogs (Lair:1)
  5 slime creatures (D:12)
  2 wyverns
  2 wraiths (D:10)
  21 yaks
  2 basilisks
  3 steam dragons (D:8)
  Grum (D:11)
  A warg (D:12)
  3 acid dragons
  4 orc warriors
  6 water moccasins
  2 ice beasts
  An ogre (D:7)
  A sky beast (D:7)
  3 black bears (D:7)
  7 wolves
  7 centaurs
  3 kobold brigands
  A gnoll sergeant (D:9)
  8 bullfrogs
  5 scorpions
  12 wights
  8 killer bees
  5 howler monkeys
  4 jellies
  2 gnoll boudas (D:6)
  6 hounds
  3 orc priests
  2 iguanas
  Ijyb (D:3)
  Terence (D:2)
  2 knights
  8 orc wizards
  19 gnolls
  2 river rats (Sewer)
  8 adders
  3 shadow imps
  3 white imps
  6 ufetubi
  2 worms
  A dart slug (D:2)
  44 orcs
  12 ball pythons
  6 bats
  15 endoplasms
  8 giant cockroaches
  8 goblins
  5 hobgoblins
  4 jackals (D:2)
  20 kobolds
  6 quokkas
  3 frilled lizards
  9 rats
  A spectral orc (D:12)
358 creatures vanquished.

Vanquished Creatures (collateral kills)
  A two-headed ogre (D:12)
  A polar bear (Lair:1)
  A blink frog (Lair:1)
  A wraith (D:12)
  A shadow (D:10)
  7 yaks
  A wolf (Lair:2)
  2 bullfrogs
  A gnoll sergeant (D:9)
  A killer bee (D:9)
  An orc wizard (D:10)
  A shadow imp (Gauntlet)
  An orc (D:8)
  2 kobolds
22 creatures vanquished.

Vanquished Creatures (others)
  A knight (Gauntlet)
  3 fungi
  15 plants
19 creatures vanquished.

Grand Total: 399 creatures vanquished

Notes
Turn   | Place    | Note
-------+----------+-------------------------------------------
     0 | D:1      | mandarbmax the Tengu Air Elementalist began the quest for
                  | the Orb.
     0 | D:1      | Reached XP level 1. HP: 10/10 MP: 4/4
   227 | D:1      | Reached XP level 2. HP: 15/15 MP: 3/6
  1289 | D:2      | Reached XP level 3. HP: 19/19 MP: 5/8
  1292 | D:2      | Learned a level 2 spell: Static Discharge
  1593 | D:2      | Noticed Terence
  1597 | D:2      | Identified 2 scrolls of acquirement
  1597 | D:2      | Acquired a staff of air
  1603 | D:1      | Acquired the +4 hat of Ashenzari's Grace {rPois Will-
                  | Int+3}
  1683 | D:1      | Learned a level 3 spell: Swiftness
  1898 | D:2      | Reached XP level 4. HP: 19/24 MP: 5/9
  2090 | D:2      | Killed Terence
  2496 | D:3      | Gained mutation: Your magical nature lets you fly swiftly
                  | and evasively. [Tengu growth]
  2496 | D:3      | Reached XP level 5. HP: 28/28 MP: 6/10
  2535 | D:3      | Noticed Ijyb
  2539 | D:3      | Killed Ijyb
  2540 | D:3      | Reached skill level 5 in Air Magic
  2609 | D:3      | Found a glowing silver altar of Zin.
  2610 | D:3      | Found an opulent altar of Gozag.
  3350 | D:3      | Found a faded altar of an unknown god.
  3535 | D:4      | Learned a level 4 spell: Airstrike
  3591 | D:4      | Found a shimmering altar of Xom.
  3613 | D:4      | Reached XP level 6. HP: 32/32 MP: 10/12
  3759 | D:4      | Found a basalt altar of Yredelemnul.
  3910 | D:4      | Noticed an orc warrior
  3997 | D:4      | Killed an orc warrior
  3998 | D:4      | Reached skill level 6 in Air Magic
  4157 | D:4      | Found a shadowy altar of Dithmenos.
  4477 | D:4      | Reached XP level 7. HP: 36/36 MP: 11/13
  4607 | D:5      | Entered Level 5 of the Dungeon
  4651 | D:5      | Reached skill level 5 in Conjurations
  4651 | D:5      | Reached skill level 7 in Air Magic
  4870 | D:5      | Identified the +0 ring mail of the Evil One {rCorr Stlth+}
  4928 | D:5      | Noticed KarmaticGoose's ghost (weakling DsHW)
  4929 | D:5      | Got the Folio of the Lithosphere and Fog
  4937 | D:5      | Found a runed translucent gate.
  4937 | D:5      | Found a runed translucent gate.
  4939 | D:5      | Found a runed translucent gate.
  4954 | D:5      | Reached XP level 8. HP: 41/41 MP: 1/15
  4972 | D:5      | Reached skill level 8 in Air Magic
  5036 | D:5      | Found a glowing drain.
  5043 | Sewer    | Entered a sewer
  5047 | Sewer    | Learned a level 2 spell: Poisonous Vapours
  5466 | Sewer    | Found a viscous altar of Jiyva.
  5838 | D:5      | Found a staircase to the Ecumenical Temple.
  5844 | Temple   | Entered the Ecumenical Temple
  5885 | Temple   | Became a worshipper of Hepliaklqana the Forgotten
  6225 | D:5      | Reached skill level 5 in Dodging
  6347 | D:5      | Learned a level 3 spell: Mephitic Cloud
  6505 | D:6      | Reached skill level 5 in Spellcasting
  6505 | D:6      | Reached skill level 9 in Air Magic
  6637 | D:6      | Reached skill level 1 in Staves
  6664 | D:6      | Reached XP level 9. HP: 40/45 MP: 1/17
  6838 | D:6      | Found Xipeomn's Jewellery Shoppe.
  7112 | D:6      | Reached skill level 1 in Evocations
  7386 | D:6      | Reached skill level 10 in Air Magic
  7451 | D:6      | Reached * piety under Hepliaklqana
  7656 | D:7      | Reached skill level 13 in Air Magic
  7656 | D:7      | Reached XP level 10. HP: 45/45 MP: 18/21
  7729 | D:7      | Found a broken altar of Ashenzari.
  7811 | D:7      | Found a blossoming altar of Fedhas.
  7973 | D:7      | Reached skill level 5 in Evocations
  8572 | D:8      | Reached ** piety under Hepliaklqana
  8573 | D:8      | Remembered your ancestor Shatu-murrim as a knight
  8629 | D:8      | Noticed a two-headed ogre
  8633 | D:8      | Noticed a two-headed ogre
  8640 | D:8      | Killed a two-headed ogre
  8660 | D:8      | Killed a two-headed ogre
  8661 | D:8      | Reached skill level 14 in Air Magic
  8706 | D:8      | Noticed a gargoyle
  8707 | D:8      | Killed a gargoyle
  8708 | D:8      | Reached XP level 11. HP: 48/48 MP: 18/22
  8714 | D:8      | Learned a level 5 spell: Freezing Cloud
  8725 | D:8      | Reached skill level 10 in Conjurations
  9038 | D:8      | Found the +6 shillelagh "Devastator" {shatter}
  9409 | D:9      | Found a sacrificial altar of Ru.
  9710 | D:9      | You are sucked into a shaft and drop 2 floors!
  9793 | D:11     | Found a staircase to the Lair.
  9801 | D:11     | Noticed Urug
  9810 | D:11     | Killed Urug
  9864 | D:11     | Reached *** piety under Hepliaklqana
 10020 | D:11     | Noticed a deep elf pyromancer
 10022 | D:11     | Killed a deep elf pyromancer
 10022 | D:11     | Noticed a boulder beetle
 10026 | D:11     | Reached skill level 15 in Air Magic
 10038 | D:11     | Killed a boulder beetle
 10142 | D:11     | Noticed Grum
 10145 | D:11     | Killed Grum
 10255 | D:10     | Entered Level 10 of the Dungeon
 10266 | D:10     | Noticed a two-headed ogre
 10276 | D:10     | Killed a two-headed ogre
 10387 | D:9      | Noticed Joseph
 10398 | D:9      | Killed Joseph
 10399 | D:9      | Reached XP level 12. HP: 46/53 MP: 18/25
 10477 | D:9      | Found a bloodstained altar of Trog.
 10477 | D:9      | Found a sparkling altar of Nemelex Xobeh.
 10488 | D:9      | Reached skill level 1 in Shields
 10610 | D:9      | Reached skill level 1 in Ice Magic
 10824 | D:6      | Bought the ring of Roleraewk {Fly rElec EV+5 Int+3 Slay-5}
                  | for 523 gold pieces
 11134 | D:10     | Found an iron altar of Okawaru.
 11288 | D:10     | Learned a level 3 spell: Ignite Poison
 11474 | D:11     | Noticed Harold
 11486 | D:11     | Killed Harold
 11768 | D:11     | Identified the +0 pair of boots "Vustro Vijaha" {rF+ rC+
                  | rN+ Str-4}
 11852 | D:12     | Noticed a two-headed ogre
 11861 | D:12     | Killed a two-headed ogre
 11903 | D:12     | Noticed a two-headed ogre
 11919 | D:12     | Killed a two-headed ogre
 11960 | D:12     | Noticed a two-headed ogre
 11966 | D:12     | Killed a two-headed ogre
 12032 | D:12     | Found a basalt altar of Yredelemnul.
 12079 | D:12     | Reached **** piety under Hepliaklqana
 12079 | D:12     | Noticed a boulder beetle
 12085 | D:12     | Killed a boulder beetle
 12086 | D:12     | Reached skill level 10 in Dodging
 12208 | D:12     | Found a staircase to the Orcish Mines.
 12219 | D:12     | Reached skill level 1 in Fire Magic
 13142 | Lair:1   | Entered Level 1 of the Lair of Beasts
 13343 | Lair:1   | Reached XP level 13. HP: 56/56 MP: 17/27
 14227 | Lair:2   | Reached skill level 5 in Shields
 14279 | Lair:2   | Found a gate leading to a gauntlet.
 14284 | Lair:2   | Reached ***** piety under Hepliaklqana
 14288 | Gauntlet | Entered a Gauntlet
 14288 | Gauntlet | Found a transporter.
 14288 | Gauntlet | Found a transporter.
 14288 | Gauntlet | Found a transporter.
 14288 | Gauntlet | Found a transporter.
 14315 | Gauntlet | Found a transporter.
 14331 | Gauntlet | Found a transporter.
 14333 | Gauntlet | Found a transporter.
 14390 | Gauntlet | Found a transporter.
 14392 | Gauntlet | Found a large runed translucent door.
 14393 | Gauntlet | Found a large runed translucent door.
 14394 | Gauntlet | Found a large runed translucent door.
 14394 | Gauntlet | Found a large runed translucent door.
 14394 | Gauntlet | Found a runed translucent door.
 14394 | Gauntlet | Found a runed translucent door.
 14395 | Gauntlet | Found a large runed translucent door.
 14400 | Gauntlet | Found a large runed translucent door.
 14401 | Gauntlet | Found a large runed translucent door.
 14401 | Gauntlet | Found a large runed translucent door.
 14402 | Gauntlet | Found a runed translucent gate.
 14402 | Gauntlet | Found a runed translucent gate.
 14402 | Gauntlet | Found a runed translucent gate.
 14404 | Gauntlet | Found a transporter.
 14413 | Gauntlet | Found a large runed translucent door.
 14413 | Gauntlet | Found a large runed translucent door.
 14414 | Gauntlet | Found a large runed translucent door.
 14415 | Gauntlet | Found a large runed translucent door.
 14419 | Gauntlet | Found a transporter.
 14429 | Gauntlet | Found a transporter.
 14444 | Gauntlet | Found a transporter.
 14482 | Gauntlet | Found a large runed translucent door.
 14483 | Gauntlet | Found a large runed translucent door.
 14484 | Gauntlet | Found a large runed translucent door.
 14484 | Gauntlet | Found a large runed translucent door.
 14573 | Gauntlet | Identified the amulet "Ette Hui" {Faith rPois Int+4 Dex-4}
 14597 | Gauntlet | HP: 2/56 [cloud of freezing vapour (18)]
 14772 | Gauntlet | Noticed a minotaur
 14787 | Gauntlet | Slain by a minotaur

Illustrated notes

Levels and vault maps discovered:
D:1:      heliophobic_arrival_battle_scene, layout_loops_corners
D:2:      wad_pebble_path, layout_basic, uniq_terence
D:3:      layout_basic, grunt_temple_overflow_gold_and_silver,
          shapermc_ecumenical_altar_hornbeckon, uniq_ijyb
D:4:      layout_basic, kennysheep_mini_moat, marbit_many_paths,
          mainiacjoe_overflow_concentric_impassable, kennysheep_generic_room_14
D:5:      layout_basic, minmay_temple_entry_fiery, gammafunk_ghost_split,
          gup_sewer_entry_bubbles, serial_bayou_pond_d, roderic_lattice_a
D:6:      layout_loops_ring, minmay_shop_enchanted_jewellery
D:7:      layout_basic, mainiacjoe_overflow_boulevard,
          mainiacjoe_overflow_surrounded_room, wad_rectangle_vault
D:8:      layout_gridville, dilly_guarded_unrand_devastator
D:9:      layout_basic, lemuel_round_altar, grunt_temple_overflow_open,
          minivault_25_ag, hangedman_decor_diamond_cutter, uniq_joseph
D:10:     layout_big_octagon, okawaru_trees_1
D:11:     layout_gridville, lair_entry_dummy, uniq_grum, uniq_urug, uniq_harold
D:12:     layout_basic, david_orc_3, yredelemnul_forgotten_temple_becter
D:13:     layout_small_grid, hangedman_vaults_entry_quadrant_bands,
          nicolae_lava_and_water, eino_house_with_fridge, uniq_sonja
Temple:   minmay_temple_curvy_loop
Lair:1:   layout_cave_pods, cheibrodos_lair_lostbears
Lair:2:   layout_loops_ring, minmay_shoals_entry_hut, dummy_snake_entry,
          gauntlet_entry_generic, roderic_carrion_pond, grunt_megastairs_4,
          infiniplex_staircase_pool
Gauntlet: gammafunk_gauntlet_shortcut [gammafunk_gauntlet_arena_crates,
          gammafunk_gauntlet_arena_mazey, nicolae_gauntlet_arena_flowing_pool,
          minmay_gauntlet_arena_make_your_own_arena,
          nicolae_gauntlet_arena_quarters, gammafunk_gauntlet_arena_split_x,
          gauntlet_exit_hidden_loot]

Skill      XL: |  1  2  3  4  5  6  7  8  9 10 11 12 13 |
---------------+----------------------------------------+-----
Conjurations   | 2 3 4 5 6 9 11 | 11.0
Spellcasting   | 3 4 5 7 8 9 |  9.7
Air Magic      | 5 6 7 9 13 14 15 | 15.0
Dodging        | 3 4 5 7 8 9 10 11 | 11.1
Staves         | 1 |  1.1
Evocations     | 4 5 6 8 |  8.0
Shields        | 4 5 |  5.5
Ice Magic      | 3 |  3.0
Fire Magic     | 3 4 |  4.8
Stealth        | |  2.0

Action                     |  1- 3 |  4- 6 |  7- 9 | 10-12 | 13-15 || total
---------------------------+-------+-------+-------+-------+-------++-------
  Melee: Unarmed           |     3 |       |       |       |       ||     3
         Kick              |     2 |     1 |     8 |    11 |     5 ||    27
         Dagger            |     5 |     1 |       |       |       ||     6
         Staff             |       |       |    37 |    31 |    15 ||    83
         Peck              |       |       |     6 |     8 |     6 ||    20
   Cast: Shock             |    65 |   119 |   114 |    85 |     2 ||   385
         Static Discharge  |     2 |     3 |    20 |    24 |     5 ||    54
         Airstrike         |       |     2 |     9 |    40 |    35 ||    86
         Poisonous Vapours |       |       |    12 |    38 |     7 ||    57
         Mephitic Cloud    |       |       |     3 |    28 |     1 ||    32
         Freezing Cloud    |       |       |       |    51 |    10 ||    61
         Ignite Poison     |       |       |       |     5 |       ||     5
 Invoke: Recall Ancestor   |       |       |     1 |     9 |     3 ||    13
         Ancestor Life: Kn |       |       |       |     1 |       ||     1
         Transference      |       |       |       |       |     1 ||     1
  Evoke: Wand              |       |       |     7 |     1 |     3 ||    11
    Use: Scroll            |     4 |       |    16 |     6 |     2 ||    28
         Potion            |       |       |     3 |       |     3 ||     6
   Stab: Sleeping          |       |       |     1 |       |     2 ||     3
         Confused          |       |       |     1 |       |       ||     1
         Invisible         |       |       |       |       |     1 ||     1
 Armour: Robe              |     3 |     3 |    19 |     9 |     2 ||    36
  Dodge: Dodged            |    17 |    17 |   129 |    92 |    16 ||   271
  Block: Kite shield       |       |       |       |    14 |    10 ||    24

Table legend: (Time is in decaauts)
 A = Elapsed time spent in this place.
 B = Non-inter-level travel time spent in this place.
 C = Inter-level travel time spent in this place.
 D = Time resting spent in this place.
 E = Time spent auto-exploring this place.
 F = Levels seen in this place.
 G = Mean time per level.
                   A        B        C        D        E       F      G
               +--------+--------+--------+--------+--------+-----+--------+
         Total |  14029 |  13379 |    650 |    253 |  11025 |  18 |  779.4 |
       Dungeon |  11913 |  11311 |    602 |    229 |   9393 |  13 |  916.4 |
        Temple |     64 |     38 |     26 |      0 |     31 |   1 |   64.0 |
          Lair |   1067 |   1045 |     22 |      0 |    877 |   2 |  533.5 |
         Sewer |    510 |    510 |      0 |      0 |    419 |   1 |  510.0 |
      Gauntlet |    474 |    474 |      0 |     23 |    303 |   1 |  474.0 |
               +--------+--------+--------+--------+--------+-----+--------+

Top non-repeatable levels by time:
     D:1: 1388 daAuts
     D:4: 1195 daAuts
    D:12: 1177 daAuts
     D:6: 1156 daAuts
     D:3: 1054 daAuts
     D:5: 1050 daAuts
  Lair:1: 998 daAuts
     D:9: 962 daAuts
    D:11: 912 daAuts
     D:2: 893 daAuts
     D:7: 885 daAuts
     D:8: 747 daAuts
   Sewer: 510 daAuts
Gauntlet: 474 daAuts
    D:10: 450 daAuts
